 Dungeon Crawl Stone Soup version 0.16-a0-1083-g6a3eec8 (webtiles) character file.

151 Hodglim the Ruinous (level 5, 0/31 HPs)
             Began as a High Elf Conjurer on Oct 5, 2014.
             Slain by Edmund
             ... wielding a +3 flail of crushing
              (2 damage)
             ... on level 2 of the Dungeon.
             The game lasted 00:26:28 (2999 turns).

Hodglim the Ruinous (High Elf Conjurer)             Turns: 2999, Time: 00:26:29

HP   0/31        AC  4     Str  7      XL: 5   Next: 11%
MP   1/16        EV 12     Int 19      God:
Gold 172         SH  4     Dex 16      Spells:  3 memorised,  4 levels left

rFire  . . .     SeeInvis .     p - +0 falchion (flame)
rCold  . . .     Clarity  .     i - +1 robe
rNeg   . . .     rCorr    .     o - +0 buckler
rPois  .         rRot     .     (no helmet)
rElec  .         Spirit   .     m - +0 cloak
SustAb .         Warding  .     (no gloves)
rMut   .         Stasis   .     (no boots)
Gourm  .                        (no amulet)
MR     .....                    q - ring of wizardry
                                n - +5 ring of slaying

@: not resistant to hostile enchantments, unstealthy
A: no striking features
a: no special abilities


You were on level 2 of the Dungeon.
You were not hungry.

You visited 1 branch of the dungeon, and saw 4 of its levels.

You collected 172 gold pieces.

Inventory:

Hand weapons
 p - a +0 falchion of flaming (weapon)
 u - a +1 short sword
Armour
 i - a +1 robe (worn)
 m - a +0 cloak (worn)
 o - a +0 buckler (worn)
 r - a +0 ring mail
 s - a +1 scale mail of poison resistance
Comestibles
 b - 3 bread rations
 d - a meat ration
 h - a rotting chunk of goblin flesh
Scrolls
 a - a scroll of enchant weapon
Jewellery
 n - a +5 ring of slaying (left hand)
 q - a ring of wizardry (right hand)
Potions
 e - 3 potions of curing
 f - a potion of resistance {unknown}
 g - 3 potions of cancellation
 j - a potion of cure mutation {unknown}
 k - 2 potions of invisibility {unknown}
 l - 2 potions of brilliance {unknown}
 t - a potion of confusion {unknown}
 w - a potion of beneficial mutation {unknown}
 x - a potion of poison {unknown}
 A - a potion of agility {unknown}
Books
 c - a book of Conjurations

   Spells                             Type                      Level
   *Magic Dart                        Conjuration                  1
   *Searing Ray                       Conjuration                  2
   Dazzling Spray                     Conjuration/Hexes            3
   Fulminant Prism                    Conjuration/Hexes            4
   Iskenderun's Mystic Blast          Conjuration                  4
   *Iskenderun's Battlesphere         Conjuration/Charms           5


   Skills:
 - Level 2.1 Dodging
 - Level 2.1 Stealth
 - Level 2.2 Shields
 + Level 4.1 Spellcasting
 + Level 5.3 Conjurations
 + Level 0.2 Charms


You had 4 spell levels left.
You knew the following spells:

 Your Spells              Type           Power        Failure   Level  Hunger
a - Magic Dart            Conj           ###.         1%          1    None
b - Searing Ray           Conj           ###...       1%          2    #......
c - Iskenderun's Battles  Conj/Chrm      ##......     71%         5    #####..


Dungeon Overview and Level Annotations

Branches:
Dungeon (4/15)
 Temple: D:4-7

Altars:

Annotations:
D:2 Edmund
D:3 Sigmund


Message History

* * * LOW HITPOINT WARNING * * *
Casting: Magic Dart
Confirm with . or Enter, or press ? or * to list all spells.
Aiming: Magic Dart
Press: ? - help, Shift-Dir - straight line, f/p - Edmund
Aim: Edmund, wielding a runed flail and wearing a chain mail (severely wounded)
The magic dart hits Edmund.
Edmund is severely wounded.
Edmund hits you with a runed flail.
* * * LOW HITPOINT WARNING * * *
x2 Edmund asks, "Have you met my wondrous brother?"
There is a stone staircase leading up here.
You can't go down here!
Edmund gestures with his flail.
Edmund hits you but does no damage.
You climb upwards.
There is a stone staircase leading down here.
Edmund hits you with a runed flail.
* * * LOW HITPOINT WARNING * * *
You die...

######## #......#
###### #......#
##..@.## #......##
#....@>#
#.......##
##....##
#.#####..# #.####
##.# ##.# #(# .#.#
#.# ##.###########
.#.#
#.###............#
.#.#
#..##.#..........#
.#.#
##.#..#..........#


You could see Edmund.

Vanquished Creatures
  An orc wizard (D:3)
  Terence (D:3)
  6 adders (D:2)
  A worm (D:3)
  A giant gecko (D:3)
  An ooze (D:1)
  7 orcs (D:3)
  6 bats
  5 hobgoblins
  8 kobolds
  A ball python (D:3)
  A giant newt (D:2)
  8 goblins
  4 rats
51 creatures vanquished.

Notes
Turn   | Place    | Note
--------------------------------------------------------------
     0 | D:1      | Hodglim, the High Elf Conjurer, began the quest for the Orb.
     0 | D:1      | Reached XP level 1. HP: 11/11 MP: 4/4
   939 | D:1      | Reached XP level 2. HP: 17/17 MP: 4/6
   976 | D:1      | Learned a level 2 spell: Searing Ray
  1307 | D:2      | Reached XP level 3. HP: 21/21 MP: 4/10
  1380 | D:2      | Reached skill level 1 in Shields
  1473 | D:2      | Reached skill level 5 in Conjurations
  1518 | D:2      | Reached XP level 4. HP: 27/27 MP: 9/13
  1965 | D:3      | Noticed Sigmund
  2006 | D:3      | Noticed Terence
  2011 | D:3      | Killed Terence
  2291 | D:3      | Reached XP level 5. HP: 31/31 MP: 3/16
  2401 | D:3      | Learned a level 5 spell: Iskenderun's Battlesphere
  2963 | D:4      | Noticed Edmund
  2999 | D:2      | Slain by Edmund

Action                   |  1- 3 |  4- 6 || total
-------------------------+-------+-------++-------
Melee: Unarmed           |     4 |       ||     4
       Short sword       |       |     4 ||     4
       Falchion          |       |     1 ||     1
 Cast: Magic Dart        |    42 |    67 ||   109
       Searing Ray       |       |     6 ||     6
  Use: Scroll            |       |     6 ||     6
       Potion            |       |     1 ||     1
  Eat: Chunk             |     2 |     4 ||     6
